 Dungeon Crawl Stone Soup version 0.22-a0-402-ga933591 (webtiles) character file.

153 KristoblXynda the Ruffian (level 5, -1/45 HPs)
             Began as a Troll Wizard on May 7, 2018.
             Slain by an orc
             ... wielding a +0 trident
              (10 damage)
             ... on level 3 of the Dungeon.
             The game lasted 00:04:21 (1996 turns).

KristoblXynda the Ruffian (Troll Wizard)            Turns: 1996, Time: 00:04:22

Health: -1/45      AC:  6    Str: 15    XL:     5   Next: 12%
Magic:  7/7        EV:  9    Int: 15    God:
Gold:   67         SH:  0    Dex:  8    Spells: 4/8 levels left

rFire    . . .     SeeInvis .     - Unarmed
rCold    . . .     Gourm    +   (no shield)
rNeg     . . .     Faith    .   a - +0 robe
rPois    .         Spirit   .   b - +0 hat
rElec    .         Reflect  .   s - +0 cloak
rCorr    .         Harm     .   (gloves unavailable)
MR       .....                  (boots unavailable)
Stlth    +.........             (no amulet)
HPRegen  0.55/turn              (no ring)
MPRegen  0.10/turn              (no ring)

@: no status effects
A: large, unfitting armour, claws 3, fast metabolism 3, gourmand, regeneration
1, shaggy fur 1, tough skin 2
a: no special abilities


You were on level 3 of the Dungeon.
You were very full.

You visited 1 branch of the dungeon, and saw 3 of its levels.

You collected 67 gold pieces.

Inventory:

Armour
 a - a +0 robe (worn)
 b - a +0 hat (worn)
 s - a +0 cloak (worn)
Jewellery
 f - an uncursed amulet of faith
Scrolls
 e - a scroll of amnesia {unknown}
 h - a scroll of teleportation {unknown}
 i - a scroll of remove curse
 j - 2 scrolls of immolation
 m - a scroll of fear {unknown}
 n - a scroll of enchant weapon {unknown}
 p - a scroll of blinking {unknown}
 u - a scroll of magic mapping {unknown}
Potions
 c - a potion of resistance {unknown}
 g - a potion of mutation {unknown}
 k - a potion of curing {unknown}
 o - 3 potions of brilliance {unknown}
 r - a potion of lignification {unknown}
 t - a potion of magic {unknown}
Comestibles
 d - 10 rations
 q - 6 chunks of flesh


   Skills:
 - Level 1.5 Dodging
 - Level 1.0 Stealth
 * Level 3.2 Unarmed Combat
 - Level 2.0 Spellcasting
 * Level 2.6 Conjurations
   Level 0.6 Summonings
   Level 0.6 Translocations


You had 4 spell levels left.
You knew the following spells:

 Your Spells              Type           Power        Failure   Level  Hunger
a - Magic Dart            Conj           #...         8%          1    #......
b - Mephitic Cloud        Conj/Pois/Air  #.......     43%         3    ###....


Dungeon Overview and Level Annotations

Branches:
Dungeon (3/15)

Altars:

Annotations:
D:2 1 runed door


Innate Abilities, Weirdness & Mutations

You are too large for most types of armour.
You have claws for hands.
Your metabolism is lightning-fast.
You like to eat raw meat.
Your natural rate of healing is unusually fast.
You are covered in fur. (AC +1)
You have very tough skin. (AC +2)


Message History

The orc wizard hits you but does no damage.
The orc hits you from afar with a trident.
* * * LOW HITPOINT WARNING * * *
The orc hits you with a dagger.
* * * LOW HITPOINT WARNING * * *
The orc wizard points at you and mumbles some strange words.
The magic dart hits you!
* * * LOW HITPOINT WARNING * * *
You feel much better. The orc wizard hits you with a dagger.
The orc barely misses you. The orc hits you with a dagger.
You claw the orc wizard!
You kill the orc wizard!
You have reached level 5!
The orc hits you with a dagger.
The orc hits you from afar with a trident.
* * * LOW HITPOINT WARNING * * *
You claw the orc!
You kill the orc!
The orc hits you from afar with a trident!
You die...

#.# #. #.# #. #.#
#.
#################.#
#.
..................#
#.
###<...###########
#. ####.# ## #)###
#@).# ###o#
.....oo.# #########


You could see an orc.

Vanquished Creatures
  An orc wizard (D:3)
  Jessica (D:2)
  Robin (D:2)
  3 worms
  A dart slug (D:1)
  2 leopard geckos
  3 orcs (D:3)
  A ball python (D:1)
  7 bats
  2 giant cockroaches
  13 goblins
  9 hobgoblins
  4 jackals (D:3)
  A quokka (D:2)
  4 frilled lizards
  10 kobolds
  3 rats
66 creatures vanquished.

Notes
Turn   | Place    | Note
-------+----------+-------------------------------------------
     0 | D:1      | KristoblXynda the Troll Wizard began the quest for the Orb.
     0 | D:1      | Reached XP level 1. HP: 16/16 MP: 2/2
    16 | D:1      | Reached skill level 1 in Conjurations
    41 | D:1      | Reached skill level 1 in Unarmed Combat
    41 | D:1      | Reached XP level 2. HP: 21/24 MP: 4/4
   120 | D:1      | HP: 1/24 [rat (1)]
   864 | D:2      | Reached XP level 3. HP: 31/31 MP: 5/5
   869 | D:2      | Learned a level 3 spell: Mephitic Cloud
   961 | D:2      | Found a faded altar of an unknown god.
   970 | D:2      | Noticed Robin
  1135 | D:2      | Reached skill level 2 in Unarmed Combat
  1170 | D:2      | Killed Robin
  1259 | D:2      | Reached XP level 4. HP: 36/39 MP: 6/6
  1295 | D:2      | Noticed Jessica
  1299 | D:2      | Killed Jessica
  1419 | D:2      | Found a runed door.
  1829 | D:3      | Reached skill level 3 in Unarmed Combat
  1995 | D:3      | Reached XP level 5. HP: 14/45 MP: 7/7
  1996 | D:3      | Slain by an orc

Vault maps used:
D:1:      erik_arrival_blinker_ship
D:2:      chequers_ecumenical_altar_island, uniq_crazy_yiuf_cottage, uniq_robin,
          uniq_jessica
D:3:      first_ration, serial_forest, infiniplex_forest_lined_1,
          infiniplex_forest_end_2, infiniplex_forest_straight_2,
          infiniplex_forest_clump_long, infiniplex_forest_zigzag_1,
          infiniplex_forest_fountain, infiniplex_forest_end_2,
          infiniplex_forest_lined_room_2, infiniplex_forest_corner_1

Skill      XL: |  1  2  3  4 |
---------------+-------------+-----
Conjurations   | 1 2 |  2.6
Unarmed Combat | 1 2 3 |  3.2
Dodging        | |  1.5
Stealth        | |  1.0
Spellcasting   | |  2.0
Summonings     | |  0.6
Translocations | |  0.6

Action                   |  1- 3 |  4- 6 || total
-------------------------+-------+-------++-------
Melee: Unarmed           |   149 |    79 ||   228
  Use: Scroll            |     4 |       ||     4
       Potion            |       |     2 ||     2
 Stab: Sleeping          |     1 |       ||     1
  Eat: Chunk             |    14 |     6 ||    20
       Ration            |     1 |       ||     1
Armor: Robe              |    50 |    39 ||    89
Dodge: Dodged            |    72 |    54 ||   126

Table legend:
 A = Spawn XP
 B = Non-spawn XP
 C = Spawn XP percentage of total XP
 D = Spawn monster count
 E = Non-spawn monster count
 F = Spawn count percentage of total count
 G = Total turns spent on level
                    A         B        C        D         E        F      G
               +---------+---------+-------+---------+---------+-------+---------
         Total |       0 |     219 |   0.0 |       0 |      66 |   0.0 |  1996
               +---------+---------+-------+---------+---------+-------+---------
           D:1 |       0 |      37 |   0.0 |       0 |      20 |   0.0 |   775
           D:2 |       0 |     103 |   0.0 |       0 |      27 |   0.0 |   744
           D:3 |       0 |      79 |   0.0 |       0 |      19 |   0.0 |   477
               +---------+---------+-------+---------+---------+-------+---------
